General information
- name: BNet
- type: Ladder team game (AT/RT)
- host: Battle.net
- saver: Bromeister
map: Typhoon
- players: 6
- length: 48:49
- speed: Fast
- version: 1.26 W3XP
- replay type: Public
» download(172 KB)
Players
team 1 (loser)
holypaladin4 (
orange | 27 APM | 1322 actions | 48:46)
4 Blademaster
2 Wind Walk
2 Critical Strike
» actions
Assign group hotkey | 26 | |
Basic commands | 18 | |
Build / train | 38 | |
Enter build submenu | 14 | |
Enter hero's abilities submenu | 4 | |
Right click | 885 | |
Select / deselect | 225 | |
Select group hotkey | 28 | |
Use ability | 84 | |
1322 total
» units
» upgrades
Envenomed Spears | 1 | |
Ranged Weapons | 1 | |
2 total
» buildings
Altar of Storms | 1 | |
Orc Burrow | 6 | |
Voodoo Lounge | 1 | |
Stronghold | 1 | |
War Mill | 1 | |
Fortress | 1 | |
Beastiary | 2 | |
13 total
» build order
00:06 Altar of Storms
00:08 Orc Burrow
01:16 Voodoo Lounge
01:48 Orc Burrow
02:48 Stronghold
03:25 War Mill
04:08 Orc Burrow
05:30 Fortress
05:35 Beastiary
05:38 Beastiary
07:43 Orc Burrow
07:46 Orc Burrow
17:05 Orc Burrow
» items
Healing Salve | 2 | |
Lesser Clarity Potion | 2 | |
Scroll of Speed | 1 | |
Scroll of Town Portal | 1 | |
Potion of Lesser Invulnerability | 1 | |
7 total
CUPIS (
blue | 23 APM | 1132 actions | 48:46)
2 Demon Hunter
1 Mana Burn
1 Immolation
» actions
Build / train | 186 | |
Enter build submenu | 87 | |
Enter hero's abilities submenu | 2 | |
Remove unit from queue | 3 | |
Right click | 368 | |
Select / deselect | 387 | |
Use ability | 99 | |
1132 total
» units
Wisp | 104 | |
Archer | 40 | |
Huntress | 7 | |
Hippogryph | 11 | |
162 total
» upgrades
Strength of the Moon | 4 | |
Moon Armor | 3 | |
Improved Bows | 1 | |
Sentinel | 1 | |
Ultravision | 1 | |
Hippogryph Taming | 1 | |
Druid of the Talon Training | 1 | |
Reinforced Hides | 1 | |
Well Spring | 1 | |
Marksmanship | 1 | |
Nature's Blessing | 1 | |
16 total
» buildings
Moon Well | 11 | |
Ancient of War | 2 | |
Altar of Elders | 2 | |
Hunter's Hall | 2 | |
Tree of Life | 3 | |
Ancient Protector | 56 | |
Tree of Ages | 1 | |
Ancient of Wind | 1 | |
Ancient of Lore | 1 | |
Tree of Eternity | 1 | |
80 total
» build order
00:30 Moon Well
00:42 Ancient of War
01:12 Altar of Elders
02:21 Moon Well
02:46 Hunter's Hall
03:06 Moon Well
04:08 Moon Well
06:33 Moon Well
07:08 Tree of Life
09:51 Moon Well
10:48 Ancient Protector
11:30 Ancient Protector
11:34 Ancient Protector
11:38 Ancient Protector
11:42 Ancient Protector
11:50 Ancient Protector
11:55 Ancient Protector
11:59 Ancient Protector
12:23 Ancient Protector
12:51 Ancient Protector
13:06 Ancient Protector
13:38 Ancient Protector
13:44 Ancient Protector
13:49 Ancient Protector
13:56 Ancient Protector
14:01 Ancient Protector
14:35 Ancient Protector
15:24 Ancient Protector
15:54 Ancient Protector
16:01 Ancient Protector
17:43 Hunter's Hall
18:28 Tree of Life
18:55 Ancient Protector
18:59 Ancient Protector
19:06 Ancient Protector
19:11 Ancient Protector
19:17 Ancient Protector
19:24 Ancient Protector
19:44 Ancient Protector
20:04 Ancient Protector
20:15 Ancient Protector
20:26 Ancient Protector
20:39 Ancient Protector
20:51 Ancient Protector
21:04 Ancient Protector
21:20 Ancient Protector
21:34 Ancient Protector
21:45 Ancient Protector
22:40 Ancient Protector
22:48 Ancient Protector
22:55 Ancient Protector
23:01 Ancient Protector
23:08 Ancient Protector
23:19 Ancient Protector
23:31 Ancient Protector
23:49 Ancient of War
23:55 Ancient Protector
24:10 Ancient Protector
24:30 Altar of Elders
24:35 Moon Well
24:45 Moon Well
24:55 Ancient Protector
25:53 Ancient Protector
25:58 Ancient Protector
26:23 Tree of Ages
26:52 Ancient Protector
27:02 Ancient Protector
27:31 Moon Well
28:00 Ancient Protector
28:05 Ancient Protector
28:12 Ancient Protector
28:22 Ancient Protector
28:29 Moon Well
28:37 Moon Well
29:53 Ancient Protector
30:09 Ancient Protector
30:23 Ancient of Wind
31:04 Ancient of Lore
31:21 Tree of Eternity
38:03 Tree of Life
01040120708 (
red | 46 APM | 326 actions | 07:06)
2 Archmage
1 Summon Water Elemental
1 Brilliance Aura
» actions
Assign group hotkey | 3 | |
Basic commands | 29 | |
Build / train | 21 | |
Enter build submenu | 14 | |
Enter hero's abilities submenu | 2 | |
Give item / drop item | 1 | |
Right click | 71 | |
Select / deselect | 138 | |
Select group hotkey | 28 | |
Use ability | 19 | |
326 total
» units
» upgrades
» buildings
Altar of Kings | 1 | |
Barracks | 1 | |
Farm | 5 | |
Lumber Mill | 1 | |
Scout Tower | 3 | |
Arcane Tower | 1 | |
Arcane Vault | 2 | |
Guard Tower | 1 | |
Blacksmith | 1 | |
Keep | 1 | |
17 total
» build order
00:40 Altar of Kings
00:42 Barracks
01:02 Farm
01:27 Lumber Mill
01:50 Farm
01:56 Scout Tower
02:58 Arcane Tower
03:02 Scout Tower
03:21 Arcane Vault
03:25 Arcane Vault
03:36 Guard Tower
03:39 Farm
04:04 Blacksmith
04:23 Farm
04:25 Keep
05:09 Farm
05:53 Scout Tower
» items
Healing Salve | 1 | |
Scroll of Town Portal | 1 | |
2 total
team 2 (winner)
Bromeister (
purple | 56 APM | 2736 actions | 48:49)
10 Lich
3 Frost Nova
3 Frost Armor
1 Death and Decay
3 Dark Ritual
» actions
Assign group hotkey | 20 | |
Basic commands | 70 | |
Build / train | 114 | |
Enter build submenu | 45 | |
Enter hero's abilities submenu | 11 | |
Give item / drop item | 5 | |
Remove unit from queue | 4 | |
Right click | 1492 | |
Select / deselect | 360 | |
Select group hotkey | 497 | |
Use ability | 118 | |
2736 total
» units
Acolyte | 25 | |
Ghoul | 3 | |
Frost Wyrm | 20 | |
48 total
» upgrades
Creature Attack | 3 | |
Creature Carapace | 3 | |
Freezing Breath | 1 | |
7 total
» buildings
Altar of Darkness | 1 | |
Crypt | 1 | |
Ziggurat | 19 | |
Tomb of Relics | 2 | |
Graveyard | 1 | |
Nerubian Tower | 11 | |
Halls of the Dead | 1 | |
Spirit Tower | 5 | |
Sacrificial Pit | 1 | |
Black Citadel | 1 | |
Necropolis | 5 | |
Boneyard | 4 | |
52 total
» build order
00:14 Altar of Darkness
00:17 Crypt
00:40 Ziggurat
00:55 Tomb of Relics
01:17 Graveyard
01:45 Nerubian Tower
03:14 Halls of the Dead
03:36 Ziggurat
03:37 Ziggurat
03:52 Ziggurat
04:14 Ziggurat
04:28 Ziggurat
04:30 Spirit Tower
04:37 Spirit Tower
04:50 Spirit Tower
04:59 Ziggurat
05:15 Spirit Tower
05:22 Nerubian Tower
05:40 Ziggurat
05:56 Spirit Tower
06:36 Sacrificial Pit
06:38 Spirit Tower
07:21 Black Citadel
07:33 Necropolis
07:46 Tomb of Relics
09:53 Boneyard
09:56 Boneyard
10:04 Boneyard
10:09 Boneyard
19:50 Necropolis
27:22 Ziggurat
27:23 Ziggurat
27:25 Ziggurat
29:16 Nerubian Tower
31:26 Nerubian Tower
32:37 Necropolis
32:40 Ziggurat
33:18 Necropolis
33:22 Ziggurat
33:40 Ziggurat
33:52 Nerubian Tower
34:32 Nerubian Tower
35:01 Nerubian Tower
35:06 Ziggurat
35:11 Ziggurat
35:39 Ziggurat
36:09 Nerubian Tower
36:48 Halls of the Dead
36:50 Nerubian Tower
36:53 Nerubian Tower
37:24 Ziggurat
39:46 Necropolis
43:21 Ziggurat
47:21 Nerubian Tower
» items
Rod of Necromancy | 1 | |
Sacrificial Skull | 2 | |
Scroll of Healing | 5 | |
Potion of Healing | 3 | |
Potion of Mana | 2 | |
Scroll of Town Portal | 7 | |
Boots of Speed | 1 | |
Potion of Lesser Invulnerability | 2 | |
Dust of Appearance | 3 | |
26 total
d.a. (
yellow | 22 APM | 1090 actions | 48:46)
5 Crypt Lord
2 Carrion Beetles
3 Spiked Carapace
3 Lich
2 Frost Nova
1 Frost Armor
» actions
Assign group hotkey | 10 | |
Basic commands | 25 | |
Build / train | 108 | |
Enter build submenu | 35 | |
Enter hero's abilities submenu | 8 | |
Right click | 382 | |
Select / deselect | 414 | |
Select group hotkey | 58 | |
Use ability | 50 | |
1090 total
» units
Acolyte | 13 | |
Ghoul | 3 | |
Crypt Fiend | 6 | |
Obsidian Statue | 2 | |
Gargoyle | 40 | |
Frost Wyrm | 3 | |
67 total
» upgrades
Creature Attack | 3 | |
Creature Carapace | 3 | |
Web | 1 | |
Destroyer Form | 1 | |
Stone Form | 1 | |
Freezing Breath | 1 | |
10 total
» buildings
Altar of Darkness | 1 | |
Ziggurat | 19 | |
Crypt | 2 | |
Graveyard | 1 | |
Tomb of Relics | 2 | |
Nerubian Tower | 1 | |
Halls of the Dead | 1 | |
Spirit Tower | 12 | |
Slaughterhouse | 1 | |
Black Citadel | 1 | |
Sacrificial Pit | 1 | |
Necropolis | 2 | |
Boneyard | 2 | |
46 total
» build order
00:23 Altar of Darkness
00:34 Ziggurat
00:42 Crypt
01:04 Graveyard
01:23 Tomb of Relics
01:52 Ziggurat
02:51 Nerubian Tower
04:12 Ziggurat
04:36 Halls of the Dead
05:38 Ziggurat
06:37 Spirit Tower
06:39 Spirit Tower
07:34 Slaughterhouse
08:25 Black Citadel
09:23 Ziggurat
12:20 Spirit Tower
13:59 Ziggurat
15:15 Spirit Tower
22:15 Sacrificial Pit
22:48 Necropolis
24:20 Ziggurat
24:26 Ziggurat
24:29 Ziggurat
24:32 Ziggurat
24:35 Boneyard
24:38 Ziggurat
26:01 Spirit Tower
27:28 Spirit Tower
31:37 Spirit Tower
31:53 Ziggurat
32:42 Crypt
33:18 Necropolis
35:01 Ziggurat
35:04 Ziggurat
35:09 Ziggurat
35:14 Ziggurat
35:19 Ziggurat
35:39 Spirit Tower
36:01 Spirit Tower
36:22 Spirit Tower
36:24 Spirit Tower
36:31 Spirit Tower
37:19 Boneyard
38:11 Ziggurat
38:17 Ziggurat
39:04 Tomb of Relics
» items
Orb of Corruption | 1 | |
Scroll of Town Portal | 2 | |
Scroll of Healing | 1 | |
4 total

»
AMFM (
teal | 14 APM | 372 actions | 25:59)
4 Tauren Chieftain
2 Endurance Aura
2 War Stomp
» actions
Basic commands | 11 | |
Build / train | 26 | |
ESC pressed | 2 | |
Enter build submenu | 12 | |
Enter hero's abilities submenu | 4 | |
Right click | 126 | |
Select / deselect | 159 | |
Use ability | 32 | |
372 total
» units
» upgrades
» buildings
Altar of Storms | 1 | |
Barracks | 1 | |
Orc Burrow | 6 | |
War Mill | 1 | |
Watch Tower | 2 | |
11 total
» build order
00:11 Altar of Storms
00:13 Barracks
00:15 Orc Burrow
02:02 Orc Burrow
02:43 War Mill
04:10 Orc Burrow
05:08 Watch Tower
07:38 Orc Burrow
09:14 Orc Burrow
09:34 Watch Tower
09:45 Orc Burrow
Chat log
(00:06 / Allies) Bromeister: mass rush
(00:08 / Allies) Bromeister: k?
(00:12 / Allies) d.a.: k
(00:18 / All) holypaladin4: BUT IM SO EXCITED I KNOW A BLACK GUY!
(00:23 / All) Bromeister: NIGGERS ARE JEWS
(00:24 / Allies) AMFM: mass rush
(00:32 / Allies) Bromeister: 2 RAX
(00:33 / Allies) Bromeister: MASS T1
(00:49 / All) holypaladin4: he's got some gold teeth, and drives a hummer, he says my white friend, why dont u come-commit a little crime!
(01:02 / All) Bromeister: COOL STORY BRO
(01:03 / Allies) AMFM: how many units rush
(01:05 / Allies) Bromeister: DO TELL MORE
(01:08 / All) Bromeister: DO TELL MORE
(01:09 / All) holypaladin4: I KNOW A BLACK GIY!
(01:36 / All) Bromeister: HE SO BITTER CUZ HIS MOTHER GOT RAPED BY NIGG
(02:12 / All) holypaladin4: and if a girl is white dont worry he'll bone it!
(02:20 / All) holypaladin4: and everything that he's got best believe that he stole it!
(02:27 / Allies) Bromeister: guys
(02:30 / Allies) Bromeister: plz donate gold
(02:33 / Allies) Bromeister: plz invest gold wood to me
(02:35 / Allies) Bromeister: i'll pay doulbe
(02:43 / Allies) Bromeister: now
(02:59 / Allies) Bromeister: 9/11
(03:11 / Allies) AMFM: ?
(03:19 / Allies) Bromeister: i need gold wod plz
(03:20 / Allies) AMFM: no rush?
(03:22 / Allies) Bromeister: gold and wood fuck plz
(03:29 / Allies) Bromeister: gold wood
(03:32 / Allies) d.a.: we spenedimn it on rush
(03:42 / Allies) Bromeister: gold wood plz
(03:48 / Allies) Bromeister: i will fucking build base here
(03:54 / Allies) Bromeister: it very good
(04:00 / Allies) Bromeister: GOLD WOOD PLZ
(04:07 / Allies) Bromeister: DONT GET SEEN
(04:09 / Allies) Bromeister: HIDE
(04:33 / Allies) Bromeister: GOLD
(04:42 / Allies) Bromeister: PLZ GOLD WOOD
(05:07 / Allies) Bromeister: WAIT
(05:07 / Allies) Bromeister: WAIT
(05:10 / Allies) Bromeister: STAY HERE
(05:41 / Allies) AMFM: now?
(05:44 / Allies) Bromeister: HIT GO
(05:47 / Allies) Bromeister: GO
(05:51 / Allies) Bromeister: KEEP SEDING UNITS
(06:27 / All) Bromeister: LOL
(06:55 / All) AMFM: repod lol
(07:00 / Allies) Bromeister: LOL
(07:09 / All) Bromeister: LOL GG NOOBS
(08:24 / Allies) AMFM: let them have it?
(08:28 / Allies) Bromeister: LOL
(08:31 / Allies) Bromeister: TP
(08:34 / Allies) Bromeister: PLZ TP
(08:36 / Allies) Bromeister: I GOT THIS
(09:02 / All) Bromeister: LOL
(09:38 / All) Bromeister: LOL
(10:18 / Allies) AMFM: lets hit now
(10:20 / Allies) AMFM: i lost base
(10:39 / Allies) Bromeister: WOOD ME
(10:43 / Allies) Bromeister: WOOD
(10:54 / Allies) Bromeister: WOOD ME
(11:27 / Allies) Bromeister: WOOD ME
(11:34 / Allies) Bromeister: U NOOBS I NEED WOOD
(12:41 / Allies) AMFM: web
(12:42 / Allies) Bromeister: wood me
(12:51 / Allies) Bromeister: WOOD
(12:52 / Allies) AMFM: i have 0 wood
(13:43 / All) Bromeister: I AM VERY GOOD YES?
(13:59 / All) holypaladin4: at being annoying yes
(14:03 / All) Bromeister: LOL
(14:12 / Allies) Bromeister: AREU SON OF A JEW?
(14:19 / All) Bromeister: IT SEMS LIKE
(14:45 / Allies) Bromeister: WHO DIDNT PAY ME
(15:41 / All) Bromeister: WYRMS ARE GG
(15:46 / All) Bromeister: LOL
(15:56 / All) Bromeister: U WERENT EXPEING THIS RIGHT
(16:06 / All) Bromeister: U NOOB
(16:23 / All) Bromeister: WATCH TEALS LICH
(16:24 / All) Bromeister: IT WILL DIE
(16:33 / All) Bromeister: TEAL HOW DO U HAVE TC
(16:44 / Allies) AMFM: ?
(16:52 / All) Bromeister: LOOK TEAL WILL DIE
(16:53 / All) Bromeister: B EOFORE U
(17:02 / All) Bromeister: TEAL WILL BER WIPED OTU
(17:12 / All) Bromeister: I WILL PREVAIL
(17:28 / All) Bromeister: I WILL MAKE U WIN RED
(17:32 / All) Bromeister: LOL I WILL KILL THSE
(17:36 / All) Bromeister: WHO OOPOSE ME
(17:46 / All) Bromeister: FUCKER
(17:58 / All) Bromeister: TEAL WILL BE DIED
(18:02 / All) Bromeister: HE CANT CONTORL
(18:05 / All) Bromeister: ANYTHING
(18:07 / All) Bromeister: NOW
(18:10 / All) Bromeister: LOL
(18:12 / All) Bromeister: EXCEPT 2 PEONS
(18:15 / All) Bromeister: I KILLE DEVERYITNG
(18:53 / All) holypaladin4: there got the peons for u
(18:56 / All) Bromeister: LOL
(18:57 / All) Bromeister: LLLOLOL
(18:58 / All) Bromeister: LOLOL
(18:59 / All) holypaladin4: now leave and give me my win
(19:17 / All) Bromeister: WHEN I THNK U DESERVE IT
(19:20 / All) Bromeister: I WILL GIVE U THE WIN
(19:21 / All) holypaladin4: u should kill yellow first tho
(19:23 / All) Bromeister: FIRST I GOTA KIL YELLOW
(19:24 / All) Bromeister: YES
(19:30 / All) Bromeister: WE FIGHT HIM
(19:34 / All) holypaladin4: deal
(19:38 / All) Bromeister: RIGHT NOW I NEED GOLD THO
(19:42 / All) Bromeister: LIKE IRAQ WAR
(19:43 / All) Bromeister: LOL
(19:52 / All) Bromeister: :O
(20:10 / Allies) Bromeister: YELLOW TRUCE FOR NOW
(20:12 / Allies) Bromeister: :D
(20:15 / All) holypaladin4: did u ever play WoW?
(20:19 / All) Bromeister: :D
(20:32 / All) holypaladin4: i knew a guy named bouwmester on dethecus
(21:05 / All) Bromeister: COOL STORY BRO
(21:07 / All) Bromeister: DO TELL MREO
(21:20 / All) holypaladin4: is yellow dead yet
(21:25 / All) Bromeister: ALMOST
(21:26 / All) Bromeister: LOL
(21:30 / All) Bromeister: HE IS FIGHIGTNG ME BACK
(21:31 / All) Bromeister: THAT FUCKER
(21:37 / All) Bromeister: WHY ISNT TEAL LEAVING LOL
(22:39 / All) Bromeister: I WANT THE LONGEST GAME
(22:41 / All) Bromeister: POSSIBE LOL
(22:49 / All) Bromeister: SO FUN
(22:49 / All) holypaladin4: go for the record!
(23:21 / All) AMFM: blue mass hips purp wyrms have 1 armor
(23:27 / All) Bromeister: LOL WTF
(23:29 / All) Bromeister: STFU
(23:32 / All) Bromeister: U NIGGER
(23:39 / All) Bromeister: TRAITOR
(23:48 / All) AMFM: im black and proud honkey
(23:50 / All) Bromeister: WHY ARE U JUDAS
(23:58 / All) Bromeister: TEAL U JUDSAS?
(24:02 / All) Bromeister: U ARE JUDAS?
(24:17 / All) Bromeister: BLUE DONT MASS TOWERS LOL
(24:20 / All) Bromeister: THEY WILL FALL
(24:34 / All) Bromeister: TOO EASY
(24:42 / All) Bromeister: YELLOW
(24:46 / All) Bromeister: U MSUT SACRIFICE
(24:47 / All) Bromeister: YOUR LICH
(24:49 / All) Bromeister: TO ME
(24:52 / All) Bromeister: OR WAR BEGINS
(24:54 / All) Bromeister: NOW
(25:00 / All) Bromeister: THANK YOU
(25:06 / All) Bromeister: THANK YOU
(25:12 / Allies) Bromeister: DUDE B
(25:18 / Allies) Bromeister: STOO
(25:19 / Allies) Bromeister: STOO
(25:21 / Allies) Bromeister: STOP
(25:25 / Allies) Bromeister: DUDE WTF
(26:04 / All) Bromeister: LOL
(26:45 / All) Bromeister: YELLOW FUCK OFF
(26:46 / All) Bromeister: U NIGGER
(26:52 / All) Bromeister: LOL
(26:55 / All) Bromeister: ITS FREE FOR ALL
(26:56 / All) holypaladin4: well ur my only hope purp, blue is braindead lol
(26:58 / All) Bromeister: ITS LITERALLY FREE FOR ALL
(27:00 / All) Bromeister: }LOL
(27:05 / All) Bromeister: LOL
(27:10 / All) Bromeister: THIS IS WAR
(28:25 / All) Bromeister: YELLOW TRUCE
(28:28 / All) Bromeister: DUDE STOP
(28:35 / All) Bromeister: I SEWAR TO FUCKING GOD
(28:38 / All) Bromeister: IF U KILL THEM AL
(28:45 / All) Bromeister: DDUE OJ
(28:46 / All) Bromeister: WTF
(29:05 / All) holypaladin4: u need to ally kill faster
(29:07 / All) Bromeister: SOB
(29:53 / All) Bromeister: INTERESTING GAME LOL
(30:00 / All) Bromeister: YELLOW
(30:02 / All) Bromeister: I DECLARE TRUCE
(30:04 / All) Bromeister: AGANIST THIS FAGGOT OJ
(30:13 / All) Bromeister: WHO RAPE MY WORKERS FOR NO REASONS THATS LIKE KILLING CIVILIANS
(30:14 / All) holypaladin4: lol what I do
(30:16 / All) holypaladin4: im just a lonely hero
(30:18 / All) Bromeister: ITS ON NOW
(30:23 / All) Bromeister: U GOTA DECLARE
(30:24 / All) Bromeister: IT
(30:32 / All) Bromeister: U SOB
(30:52 / All) Bromeister: U SERIOUS
(30:54 / All) Bromeister: LOL
(32:00 / All) holypaladin4: life of a blademaster is hard
(32:07 / All) Bromeister: LOL U BETTER NOT
(32:09 / All) Bromeister: KIL MY SHIT
(32:17 / All) Bromeister: IF U KILL BLUES SHIT
(32:19 / All) Bromeister: I'LL FORGIVE U
(32:27 / All) Bromeister: I M IGHT LET U WIN
(32:32 / All) Bromeister: IM LIKE THE CORPORATE GIANT
(32:45 / All) Bromeister: STO[P
(32:53 / All) Bromeister: SON OF A
(33:03 / All) Bromeister: FUCKER
(33:09 / All) Bromeister: STOP K
(33:28 / All) holypaladin4: whats a blademaster suppose to do
(33:57 / All) Bromeister: YELLOW
(34:00 / All) Bromeister: FUCKING TRUCE?
(34:06 / All) Bromeister: IM SORRY
(34:09 / All) Bromeister: WAY I RAPED UR LICH
(34:14 / All) Bromeister: I WAS JEALOUS LOL THERE CAN BE ONLY 1 LILCH
(34:31 / All) holypaladin4: lol ur a fucken liar
(34:39 / Allies) d.a.: u gotta kill me or blyue dnt matter to me
(34:40 / All) holypaladin4: he is fine
(34:41 / All) Bromeister: LOL FUCK YOU
(34:51 / Allies) Bromeister: is this depleted
(34:52 / Allies) Bromeister: ?
(35:04 / All) holypaladin4: he might be afk, but he's fine
(35:17 / All) Bromeister: im not gona end this
(35:18 / All) Bromeister: forever
(35:42 / All) Bromeister: before i go to bed
(35:45 / All) Bromeister: im gona position
(36:01 / All) Bromeister: mother fucker
(36:04 / All) holypaladin4: rofl
(36:12 / All) Bromeister: dude can u stop
(36:13 / All) Bromeister: plz
(36:18 / All) Bromeister: its mad annoying
(37:48 / All) Bromeister: lol mass riders isnt going to work
(37:49 / All) Bromeister: lol
(37:52 / Allies) d.a.: wonder how many towers he has
(38:02 / All) Bromeister: blue
(38:05 / All) Bromeister: kill yellow first
(38:08 / All) Bromeister: i wanna see u 2 fight
(38:11 / All) Bromeister: if u hit me
(38:14 / All) Bromeister: i will unleash
(38:16 / All) Bromeister: everything on ur ass
(38:18 / All) Bromeister: lol k?
(38:20 / All) Bromeister: u 2 go at it
(38:31 / All) Bromeister: he possessses the 3 of the westn
(38:36 / All) Bromeister: nigger
(38:50 / All) Bromeister: nigger
(38:53 / All) holypaladin4: LOL
(38:59 / All) holypaladin4: im too fast
(39:01 / All) Bromeister: FUCK IT
(39:21 / All) Bromeister: DUDE HARASS YELLOW
(39:22 / All) Bromeister: WHY ME
(39:35 / All) Bromeister: I DONT WANT WAR
(39:36 / All) Bromeister: PLZ
(39:38 / All) Bromeister: DONT
(39:53 / All) Bromeister: I DONT WANT A WAR
(40:02 / All) Bromeister: PLZ
(40:10 / All) Bromeister: I DONT WANT A WAR BLUE
(40:12 / All) Bromeister: WITH YOU BRO
(40:14 / All) Bromeister: I MIGHT NJUST LEAVE
(40:17 / All) Bromeister: IF YOU WIN VS YELOW
(40:19 / All) Bromeister: K?
(40:23 / All) Bromeister: HERE IS THE DEAL:
(40:28 / All) Bromeister: DONT WALK
(40:29 / All) Bromeister: THOSE SHIT
(40:31 / All) Bromeister: I WIL L
(40:35 / All) Bromeister: FUCK IT
(40:36 / All) Bromeister: LOL
(40:37 / All) Bromeister: WHAT?
(41:04 / All) holypaladin4: OH NOEZ
(41:45 / All) Bromeister: LOL EPICK BATTLE
(42:00 / All) Bromeister: LMAO
(42:01 / Allies) Bromeister: LMAO
(42:04 / All) Bromeister: SAVE THIS REPLAY
(42:08 / All) Bromeister: TOO FUNNY
(42:15 / All) Bromeister: LMFAO
(42:27 / All) Bromeister: LOL
(42:28 / All) Bromeister: DUDE
(42:32 / All) Bromeister: I WILL SPARE U
(42:37 / All) Bromeister: U PUNISHMENT
(42:39 / All) Bromeister: WILL BE NO MORE TREE
(42:43 / All) Bromeister: OF SMARTNESS
(42:52 / All) holypaladin4: u bore me now
(42:53 / All) holypaladin4: bye
(42:55 / All) Bromeister: I M REALLY GONA GO TO SLEEP
(43:00 / All) Bromeister: IF U WANT TO WIN OJ
(43:11 / All) Bromeister: OH FUCK ITS YELLOW
(43:13 / All) Bromeister: OH FUCK
(43:28 / All) Bromeister: FUCK
(43:31 / All) Bromeister: I GOTA SAVE BLUE
(43:37 / All) Bromeister: BY ANNHILIATING YELLOW
(43:43 / All) Bromeister: DUDE DONT GO FOR ME
(43:44 / All) Bromeister: WTF
(43:46 / All) Bromeister: GO FOR YELLOW
(43:50 / All) Bromeister: HES ON THE LEFT
(44:13 / All) Bromeister: I FUCKING WARNED YOU
(44:15 / All) Bromeister: U SLUT FAGGOT
(44:39 / All) Bromeister: LOL
(44:46 / All) CUPIS: lol
(44:53 / All) Bromeister: LOL
(44:56 / Allies) Bromeister: EPIC BATTLE
(44:59 / All) Bromeister: YELLOW VS ME
(45:05 / All) Bromeister: OFMG HES WINING
(45:10 / All) Bromeister: OH JESUS
(45:12 / All) Bromeister: HE HWINS
(45:30 / All) Bromeister: DUD EIM SORRY
(45:32 / All) Bromeister: IM SORY
(45:33 / All) Bromeister: STOP
(45:38 / All) Bromeister: STOP IM SORRY WE WILL OSE
(45:48 / All) Bromeister: LOL YELLOW IS THE SUPER POWER BRITAIN
(45:52 / All) Bromeister: I AM THE NAZI GERMANY
(45:57 / All) CUPIS: who?
(46:10 / All) Bromeister: LOL YELLOW POSSESES THE GREAT BRITAIN THE 3 ISLANDS
(46:12 / Allies) d.a.: ur a retard
(46:23 / All) Bromeister: BLUE
(46:25 / All) Bromeister: GO REBUILD
(46:28 / All) Bromeister: THERES A CHANCE FOR U BRO
(46:32 / All) Bromeister: IM SERIOUS OJ CAN U?
(46:42 / All) CUPIS: lol oh yeah real good chance
(46:46 / All) Bromeister: ME AND YELLOW EPIC SHOW DOWN AGAIN
(46:51 / All) Bromeister: DUD EGO REBUILD
(46:53 / All) Bromeister: IM SERIOUS
(46:56 / All) Bromeister: GO REBUILD UR ARMY
(46:59 / All) Bromeister: GO GET A GOLD MINE
(47:07 / All) Bromeister: THERES ONE RIGHT TRHERE AT CORNER
(47:11 / All) Bromeister: TOP LEFT
(47:14 / All) Bromeister: NOONE HAS IT
(47:20 / All) CUPIS: yeah i tried u attacked me
(47:24 / All) Bromeister: I WONT DO IT
(47:26 / All) Bromeister: PLZ GO GET IT
(47:32 / All) Bromeister: DONT BE A NOOB FUCK
(47:37 / All) CUPIS: u already took it
(47:58 / All) CUPIS: and ur the noob
(48:09 / All) Bromeister: HIDE
(48:16 / All) Bromeister: UR BASE
(48:18 / All) CUPIS: lol no money
(48:20 / All) Bromeister: I IWLL KILL YELLOW
(48:22 / All) Bromeister: PLZ HIDE
(48:24 / All) Bromeister: LOL
(48:26 / All) Bromeister: WATCH REPALY
(48:30 / All) CUPIS: lol u niiger
(48:37 / All) Bromeister: REPORTED FOR RACISM